 Dungeon Crawl Stone Soup version 0.22.1-2-g9c5b331 (webtiles) character file.

652990 nightchill the Slayer (level 27, -4/292 HPs)
             Began as a Gargoyle Fighter on Dec 27, 2018.
             Was the Champion of Makhleb.
             Killed from afar by an acid blob (13 damage)
             ... with a splash of acid
             ... on level 5 of the Pits of Slime on Dec 29, 2018.
             The game lasted 06:45:17 (75349 turns).

nightchill the Slayer (Gargoyle Fighter)           Turns: 75349, Time: 06:45:18

Health: -4/292     AC: 34    Str: 45    XL:     27
Magic:  30/30      EV:  9    Int: 18    God:    Makhleb [******]
Gold:   2651       SH:  2    Dex: 12    Spells: 16/26 levels left

rFire    + + +     SeeInvis .   w - +7 great mace "Firestarter" {inner flame, rF++}
rCold    + . .     Gourm    .   (shield currently unavailable)
rNeg     + + +     Faith    .   v - +9 gold dragon scales
rPois    ∞         Spirit   .   t - +1 helmet of the Curious Coins {rPois}
rElec    +         Reflect  +   o - +2 cloak {+Inv}
rCorr    .         Harm     .   G - +1 pair of gloves {Dex+3}
MR       +++..     Rnd*Tele +   x - +1 pair of boots "Biempiyll" {Str+6}
Stlth    ..........             z - +2 amulet of reflection
HPRegen  0.58/turn              K - ring of protection from magic
MPRegen  0.22/turn              d - ring of the Rose {Wiz *Contam rN++ Int+8}

@: berserking, corroded, flying, very quick
A: big wings, blink, deformed body, deterioration 1, low mp 1, mutation
resistance 1, negative energy resistance 1, electricity resistance, strong 1,
teleportitis 1, unbreathing, petrification resistance, rot immunity, subdued
magic 1, MP-powered wands, AC +20
}: 4/15 runes: serpentine, barnacled, silver, abyssal
a: Stop Flying, Blink, Minor Destruction, Lesser Servant of Makhleb, Major
Destruction, Greater Servant of Makhleb, Renounce Religion, Evoke Invisibility


You were on level 5 of the Pits of Slime.
You worshipped Makhleb.
Makhleb was exalted by your worship.
You were not hungry.

You visited 11 branches of the dungeon, and saw 51 of its levels.
You visited the Abyss 8 times.
You also visited: Ossuary, Bailey and Ice Cave.

You collected 5403 gold pieces.
You spent 2752 gold pieces at shops.

Inventory:

Hand Weapons
 b - the +7 fustibalus "Zastigej" {venom, rC++}
   (You acquired it on level 4 of the Dungeon)

   It poisons the ammo it fires.
   It greatly protects you from cold.
 w - the +7 great mace "Firestarter" (weapon) {inner flame, rF++}
   (You found it on level 6 of the Lair of Beasts)

   It has been specially enchanted to burn those struck by it, causing extra
   injury to most foes and up to half again as much damage against particularly
   susceptible opponents.
   It greatly protects you from fire.
Missiles
 k - a throwing net (quivered)
 D - 262 sling bullets
Armour
 c - a +2 shield
 o - a +2 cloak of invisibility (worn)
 t - the +1 helmet of the Curious Coins (worn) {rPois}
   (You found it on level 2 of the Vaults)

   It protects you from poison.
 v - +9 gold dragon scales (worn)
 x - the +1 pair of boots "Biempiyll" (worn) {Str+6}
   (You found it on level 5 of the Vaults)

   It affects your strength (+6).
 G - a +1 pair of gloves of dexterity (worn)
Jewellery
 d - the ring of the Rose (right hand) {Wiz *Contam rN++ Int+8}
   (You took it off a yaktaur captain on level 5 of the Vaults)

   [ring of wizardry]

   It improves your spell success rate.
   It affects your intelligence (+8).
   It greatly protects you from negative energy.
   It causes magical contamination when unequipped.
 z - a +2 amulet of reflection (around neck)
 A - an uncursed ring of protection from fire
 K - a ring of protection from magic (left hand)
 L - an uncursed ring of positive energy
 R - an uncursed ring of see invisible
 W - an uncursed ring of protection from magic
 X - an uncursed ring of protection from cold
Wands
 y - a wand of acid (6)
 F - a wand of disintegration (16)
 J - a wand of enslavement (32)
 S - a wand of flame (101)
 U - a wand of digging (22)
 Y - a wand of iceblast (88)
Scrolls
 a - 5 scrolls of vulnerability
 e - 14 scrolls of teleportation
 h - 12 scrolls of identify
 j - 2 scrolls of torment
 m - a scroll of summoning
 n - 19 scrolls of remove curse
 C - 4 scrolls of immolation
 H - 7 scrolls of fear
 I - 7 scrolls of blinking
 Q - 10 scrolls of magic mapping
 T - 6 scrolls of fog
Potions
 g - 7 potions of resistance
 i - 2 potions of berserk rage
 l - 2 potions of might
 q - a potion of heal wounds
 r - 14 potions of curing
 E - 3 potions of cancellation
 N - 7 potions of haste
 O - 10 potions of brilliance
 P - 9 potions of lignification
 V - 5 potions of agility
 Z - 3 potions of invisibility
Miscellaneous
 p - the horn of Geryon
 u - a lightning rod (4/4)
 M - a fan of gales
Comestibles
 f - 68 rations


   Skills:
 + Level 25.7 Fighting
 + Level 23.9 Maces & Flails
 + Level 24.5 Armour
 - Level 15.0 Shields
 - Level 8.0 Summonings
 - Level 10.0 Translocations
 - Level 14.5 Invocations
 - Level 12.0 Evocations


You had 16 spell levels left.
You knew the following spells:

 Your Spells              Type           Power        Failure   Level  Hunger
a - Apportation           Tloc           ####..       1%          1    ##.....
b - Blink                 Tloc           N/A          1%          2    ###....
c - Passwall              Tmut/Erth      #.......     38%         2    ###....
d - Summon Butterflies    Summ           ###.....     1%          1    ##.....
e - Passage of Golubria   Tloc           N/A          4%          4    #####..

Your spell library contained the following spells:

 Spells                   Type           Power        Failure   Level  Hunger
 Summon Small Mammal      Summ           ###.         1%          1    ##.....
 Gell's Gravitas          Tloc           ####......   1%          3    ####...
 Lesser Beckoning         Tloc           ####......   1%          3    ####...
 Recall                   Summ/Tloc      N/A          1%          3    ####...
 Teleport Other           Tloc           ####....     1%          3    ####...
 Shroud of Golubria       Chrm/Tloc      ##........   5%          2    ###....
 Portal Projectile        Hex/Tloc       ##....       11%         3    ####...
 Summon Forest            Summ/Tloc      ###.......   21%         5    ######.
 Animate Skeleton         Necr           N/A          28%         1    ##.....
 Beastly Appendage        Tmut           #.....       28%         1    ##.....
 Confusing Touch          Hex            #.....       28%         1    ##.....
 Corona                   Hex            #......      28%         1    ##.....
 Flame Tongue             Conj/Fire      #....        28%         1    ##.....
 Infusion                 Chrm           #...         28%         1    ##.....
 Magic Dart               Conj           #...         28%         1    ##.....
 Sting                    Conj/Pois      #...         28%         1    ##.....
 Force Lance              Conj/Tloc      ##......     34%         4    #####..
 Corpse Rot               Necr           N/A          38%         2    ###....
 Poisonous Vapours        Pois/Air       #.....       38%         2    ###....
 Searing Ray              Conj           #.....       38%         2    ###....
 Slow                     Hex            #.......     38%         2    ###....
 Song of Slaying          Chrm           #.......     38%         2    ###....
 Sticks to Snakes         Tmut           #.......     38%         2    ###....
 Swiftness                Chrm/Air       #.......     38%         2    ###....
 Summon Ice Beast         Ice/Summ       ##......     45%         4    #####..
 Summon Lightning Spire   Summ/Air       ##......     45%         4    #####..
 Confuse                  Hex            #.......     63%         3    ####...
 Conjure Flame            Conj/Fire      #.......     63%         3    ####...
 Dazzling Spray           Conj/Hex       #.....       63%         3    ####...
 Inner Flame              Hex/Fire       #.......     63%         3    ####...
 Mephitic Cloud           Conj/Pois/Air  #.......     63%         3    ####...
 Regeneration             Chrm/Necr      #.........   63%         3    ####...
 Spectral Weapon          Hex/Chrm       #.......     63%         3    ####...
 Spider Form              Tmut/Pois      #.........   63%         3    ####...
 Static Discharge         Conj/Air       #.......     63%         3    ####...
 Stone Arrow              Conj/Erth      #.....       63%         3    ####...
 Tukima's Dance           Hex            #.......     63%         3    ####...
 Animate Dead             Necr           N/A          95%         4    #####..
 Cause Fear               Hex            #.........   95%         4    #####..
 Fulminant Prism          Conj/Hex       #.........   95%         4    #####..
 Ice Form                 Ice/Tmut       #.......     95%         4    #####..
 Iskenderun's Mystic Bla  Conj           #.......     95%         4    #####..
 Leda's Liquefaction      Hex/Erth       #.........   95%         4    #####..
 Olgreb's Toxic Radiance  Pois           #.......     95%         4    #####..
 Petrify                  Tmut/Erth      #.......     95%         4    #####..
 Agony                    Necr           #.......     100%        5    ######.
 Alistair's Intoxication  Tmut/Pois      #.......     100%        5    ######.
 Bolt of Draining         Conj/Necr      #.........   100%        5    ######.
 Bolt of Magma            Conj/Fire/Erth #.........   100%        5    ######.
 Borgnjor's Vile Clutch   Necr/Erth      #.........   100%        5    ######.
 Dispel Undead            Necr           #.......     100%        5    ######.
 Excruciating Wounds      Chrm/Necr      #.........   100%        5    ######.
 Irradiate                Conj/Tmut      #.........   100%        5    ######.
 Iskenderun's Battlesphe  Conj/Chrm      #.......     100%        5    ######.
 Lee's Rapid Deconstruct  Erth           #.........   100%        5    ######.
 Metabolic Englaciation   Hex/Ice        #.........   100%        5    ######.
 Silence                  Hex/Air        #.........   100%        5    ######.
 Venom Bolt               Conj/Pois      #.........   100%        5    ######.
 Yara's Violent Unravell  Hex/Tmut       #.........   100%        5    ######.
 Bolt of Cold             Conj/Ice       #.........   100%        6    #######
 Darkness                 Hex            #.........   100%        6    #######
 Death Channel            Necr           #.........   100%        6    #######
 Freezing Cloud           Conj/Ice/Air   #.........   100%        6    #######
 Hydra Form               Tmut           #.........   100%        6    #######
 Invisibility             Hex            #.......     100%        6    #######
 Iron Shot                Conj/Erth      #.........   100%        6    #######
 Ozocubu's Refrigeration  Ice            #.........   100%        6    #######
 Poison Arrow             Conj/Pois      #.........   100%        6    #######
 Simulacrum               Ice/Necr       #.........   100%        6    #######
 Dragon Form              Tmut           #.........   100%        7    #######
 Haunt                    Necr/Summ      ##........   100%        7    #######
 Orb of Destruction       Conj           #.........   100%        7    #######
 Ring of Flames           Chrm/Fire      #.........   100%        7    #######
 Spellforged Servitor     Conj/Summ      ##........   100%        7    #######
 Summon Hydra             Summ           ###.......   100%        7    #######
 Borgnjor's Revivificati  Necr           #.........   100%        8    #######
 Chain Lightning          Conj/Air       #.........   100%        8    #######
 Death's Door             Chrm/Necr      #.........   100%        8    #######
 Infestation              Necr           #.........   100%        8    #######
 Lehudib's Crystal Spear  Conj/Erth      #.........   100%        8    #######
 Necromutation            Tmut/Necr      #.........   100%        8    #######
 Fire Storm               Conj/Fire      #.........   100%        9    #######
 Glaciate                 Conj/Ice       #.........   100%        9    #######
 Sublimation of Blood     Necr           Unusable     N/A         2    N/A
 Statue Form              Tmut/Erth      Unusable     N/A         6    N/A

Dungeon Overview and Level Annotations

Branches:
Dungeon (15/15)            Temple (1/1) D:5            Lair (6/6) D:9
 Shoals (4/4) Lair:3        Snake (4/4) Lair:3        Slime (5/5) Lair:5
    Orc (2/2) D:9             Elf (3/3) Orc:2        Vaults (5/5) D:13
  Crypt (0/3) Vaults:2     Depths (5/5) D:15           Hell (1/1)
    Dis (0/7) Hell            Geh (0/7) Hell            Coc (0/7) Hell
    Tar (0/7) Hell            Zot (0/5) Depths:5

Altars:
Ashenzari
Cheibriados
Dithmenos
Elyvilon
Fedhas
Gozag
Hepliaklqana
Kikubaaqudgha
Makhleb
Nemelex Xobeh
Okawaru
Qazlal
Ru
Sif Muna
Trog
Uskayaw
Vehumet
Wu Jian
Xom
Yredelemnul
Zin
The Shining One
Beogh
Jiyva

Shops:
D:10 ?%(   D:11 (   D:14 :}   D:15 !(:[:   Orc:2 [*?}*%   Elf:2 **?}(
Shoals:1 (   Vaults:3 (!(=   Vaults:4 *   Depths:1 (%:%   Depths:2 %
Depths:3 (   Depths:5 :**

Portals:
Hell: Depths:1 Depths:2 Depths:3 Depths:4 Depths:5
Abyss: Depths:4
Pandemonium: Depths:1 Depths:3 Depths:5
Ziggurat: Depths:3

Annotations:
D:3 3 runed doors, exclusion: 3 doors, Harpaggios's ghost, weakling GnSk
D:6 exclusion: downstairs
D:7 3 runed doors, delarado's ghost, novice DrBe
D:13 exclusion: orange crystal statue
D:14 exclusion: downstairs
Lair:5 exclusion: downstairs
Lair:6 3 runed doors, exclusion: 3 doors, Wefoph's ghost, journeyman DgFi
Shoals:1 exclusion: downstairs
Shoals:2 !kraken
Shoals:3 Ilsuiw
Shoals:4 1 exclusion
Elf:3 !dangerous
Vaults:4 exclusion: 4 downstairs
Vaults:5 1 exclusion
Depths:3 2 exclusions


Innate Abilities, Weirdness & Mutations

You are resistant to torment.
Your stone body is resilient. (AC +20)
You are immune to poison.
Your large and strong wings let you fly indefinitely.
You resist negative energy. (rN+)
You are resistant to electric shocks. (rElec)
You can survive without breathing.
You are immune to petrification.
You are immune to rotting.
You can translocate small distances at will.
Armour fits poorly on your strangely shaped body.
Your body sometimes deteriorates upon taking damage.
Your magical capacity is low. (-10% MP)
You are somewhat resistant to further mutation.
Your muscles are strong. (Str +2)
You are occasionally teleported next to monsters.
Your spells are a little easier to cast, but a little less powerful.
You expend magic power (3 MP) to strengthen your wands.


Message History

* * * LOW HITPOINT WARNING * * *
Evoke which item? (* to show all) (? for menu, Esc to quit)
Okay, then.
Okay, then.
Evoke which item? (* to show all) (? for menu, Esc to quit)
Aiming: Enslavement
Press: ? - help, Shift-Dir - straight line, f - acid blob
Aim: an acid blob (almost dead, inner flame, chance to defeat MR: 0%)
Okay, then.
Unknown command.
Okay, then.
Throwing (i - inventory)
k - a throwing net (quivered)
Press: ? - help, Shift-Dir - straight line, f - acid blob
Aim: an acid blob (almost dead, inner flame)
Okay, then.
A red film seems to cover your vision as you go berserk!
You feel yourself moving faster!
You feel mighty! The acid blob spits acid at you. The splash of acid hits you!
You die...

................#
................##
..............<..###
...................####
......................#
......................#
........................
.......................#
##....#....J@..........#
#.####.......§.........
G ###....§§.........
##...§§.........
#....§.........
###..........
#.......... #..........
#..........


You could see an acid blob (inner flame).

Vanquished Creatures
  2 ancient liches
  A juggernaut (Depths:5)
  Saint Roka (Vaults:5)
  Frederick (Depths:4)
  11 caustic shrikes
  Geryon (Hell)
  7 golden dragons
  Jory (Depths:5)
  A Tzitzimitl (Depths:3)
  9 liches
  An Ice Fiend (IceCv)
  5 tentacled monstrosities
  A deep elf master archer (Elf:3)
  A quicksilver dragon (Abyss:4)
  13 acid blobs
  A deep elf blademaster (Elf:3)
  12 tentacled starspawn
  5 sphinxes
  A kraken (Shoals:4)
  An Executioner (Abyss:2)
  5 titans (Vaults:5)
  4 shadow dragons
  6 tengu reavers
  2 daevas
  5 draconian monks (Depths:5)
  A revenant (Hell)
  5 storm dragons
  Roxanne (D:15)
  3 azure jellies
  12 nagarajas
  4 iron dragons
  11 fire giants
  5 deep elf sorcerers
  14 frost giants
  4 balrugs
  18 vault wardens
  2 draconian scorchers
  3 deep elf elementalists
  2 cacodemons
  A draconian annihilator (Depths:5)
  5 spriggan defenders
  20 ironheart preservers
  A reaper (Depths:1)
  14 very ugly things
  18 stone giants
  3 war gargoyles (Vaults:5)
  An ophan (Abyss:3)
  2 entropy weavers
  4 green draconians (Depths:5)
  A dire elephant (Abyss:1)
  Azrael (D:15)
  6 deep elf demonologists
  3 black draconians (Depths:5)
  2 vampire knights (Depths:3)
  5 deep elf annihilators
  4 spark wasps (Depths:5)
  2 white draconians
  4 purple draconians (Depths:5)
  A spark wasp (shapeshifter) (Vaults:5)
  3 merfolk javelineers
  17 ettins
  2 blizzard demons
  3 red draconians (Depths:5)
  A death ooze (Slime:5)
  8 merfolk impalers
  2 green deaths (Abyss:3)
  11 ogre magi
  8 deep elf death magi
  Josephine (Lair:3)
  20 yaktaur captains
  8 fire dragons
  16 great orbs of eyes
  Erolcha (D:9)
  3 jiangshi (Depths:2)
  34 vault guards
  4 deep elf high priests (Vaults:5)
  11 naga warriors
  5 hydras
  4 rakshasas
  11 ice dragons
  11 centaur warriors
  2 hell beasts
  2 catoblepae
  33 two-headed ogres
  7 merfolk avatars
  2 alligator snapping turtles (Shoals:2)
  15 anacondas
  4 death knights
  4 spriggan air magi
  7 merfolk aquamancers
  34 dancing weapons
  2 satyrs
  5 death yaks
  11 thrashing horrors
  12 deep troll shamans
  2 tengu warriors
  13 deep troll earth magi
  6 hell hogs
  A titan zombie (Abyss:4)
  2 vampire magi
  7 soul eaters
  3 orc high priests (Orc:2)
  A spriggan berserker (Depths:2)
  11 wretched stars
  9 sun demons
  5 shock serpents
  7 naga sharpshooters
  17 deep elf knights
  Sonja (Lair:2)
  13 hell knights
  2 iron golems (Hell)
  A salamander mystic (Snake:4)
  7 sixfirhies
  6 skeletal warriors
  9 iron trolls
  4 shadow wraiths
  14 sea snakes
  2 spatial maelstroms
  24 deep trolls
  2 golden dragon zombies
  8 glowing orange brains
  An anaconda zombie (Hell)
  4 wizards
  6 naga ritualists
  35 large abominations
  8 flayed ghosts
  A death drake (Depths:5)
  68 starcursed masses
  An unseen horror (shapeshifter) (Vaults:1)
  A kraken simulacrum (Hell)
  4 unseen horrors
  2 torturous demonspawn (Depths:3)
  2 shadow demons (Depths:3)
  17 orc knights
  2 orange crystal statues (Abyss:3)
  2 anaconda skeletons (Hell)
  14 harpies
  8 necromancers
  5 phantasmal warriors
  9 deep elf archers
  12 ironbrand convokers
  7 orc sorcerers
  A mana viper (shapeshifter) (Vaults:5)
  56 deep elf magi
  6 lindwurms (Depths:5)
  A shadow dragon skeleton (Hell)
  7 worldbinders
  8 mana vipers
  2 wolf spiders
  7 shining eyes
  A stone giant zombie (Depths:1)
  62 ugly things
  12 manticores
  A faun (Shoals:2)
  9 salamanders
  4 oklob plants (Lair:5)
  A spriggan zombie (D:15)
  8 cyclopes
  An iron dragon skeleton (Hell)
  A sphinx skeleton (Depths:3)
  5 merfolk sirens
  9 rust devils
  12 apocalypse crabs
  2 ice statues
  2 eyes of devastation
  27 black mambas
  A fire giant skeleton (Depths:3)
  2 stone giant skeletons
  16 guardian serpents
  A guardian serpent (shapeshifter) (Depths:4)
  A torpor snail (Lair:4)
  6 elephants
  A gargoyle (D:12)
  13 vault sentinels
  5 water nymphs
  6 naga magi
  A molten gargoyle (Hell)
  16 smoke demons
  8 spiny frogs
  5 orange demons
  A hellion (Hell)
  A komodo dragon (shapeshifter) (Vaults:1)
  63 yaktaurs
  9 rime drakes
  9 komodo dragons
  3 kobold demonologists (D:12)
  10 freezing wraiths
  7 tengu conjurers
  5 efreet
  6 centaur skeletons
  A demonic crawler (Abyss:3)
  13 ice devils
  4 hydra zombies (Hell)
  A ghost moth simulacrum (Abyss:3)
  2 hellwings (Depths:3)
  10 red devils
  7 anaconda simulacra
  An elf skeleton (Depths:3)
  8 ancient zymes
  A yaktaur skeleton (D:15)
  A shadow dragon simulacrum (Vaults:3)
  27 merfolk
  3 polar bears (Lair:6)
  8 trolls
  13 wind drakes
  A tengu simulacrum (Depths:2)
  14 hornets
  27 raiju
  67 slime creatures
  21 blink frogs
  A deep troll zombie (D:15)
  Grinder (D:5)
  A hydra skeleton (Abyss:2)
  A blink frog (shapeshifter) (D:14)
  A fire giant simulacrum (Depths:1)
  6 snapping turtles
  11 hippogriffs
  15 dream sheep
  An ice dragon zombie (D:15)
  A spriggan skeleton (Depths:2)
  A stone giant simulacrum (Vaults:3)
  5 redbacks
  An air elemental (Elf:3)
  5 flying skulls (Abyss:3)
  2 alligator skeletons
  2 fire dragon skeletons
  22 spriggans
  2 wyverns
  A tarantella (shapeshifter) (Vaults:2)
  4 dire elephant simulacra (IceCv)
  41 small abominations
  4 vampires
  11 fire bats
  18 water elementals
  8 fire elementals
  7 ynoxinuls
  A hog (shapeshifter) (Elf:1)
  Eustachio (D:5)
  2 hogs (D:7)
  20 humans
  72 yaks
  2 wraiths (Lair:3)
  A human (shapeshifter) (Vaults:1)
  6 golden eyes
  A death yak simulacrum (IceCv)
  5 basilisks
  5 chaos spawn
  12 neqoxecs
  3 steam dragons (Shoals:4)
  5 vampire mosquitoes (D:15)
  5 hungry ghosts
  Menkaure (D:6)
  10 wargs
  48 nagas
  A harpy simulacrum (IceCv)
  A soldier ant (D:11)
  15 two-headed ogre zombies (Orc:1)
  An acid dragon (Vaults:1)
  10 water moccasins
  A floating eye (Depths:4)
  7 insubstantial wisps
  12 hell hounds
  20 porcupines
  2 floating eyes (shapeshifter)
  7 hydra simulacra (IceCv)
  3 ice beasts
  44 orc warriors
  A spiny frog skeleton (Abyss:3)
  An ettin simulacrum (IceCv)
  A phantom (D:6)
  4 swamp drakes (Depths:5)
  11 eyes of draining
  5 black bears
  A black bear (shapeshifter) (Vaults:1)
  7 sky beasts
  A tengu (shapeshifter) (Vaults:5)
  39 ogres
  18 boggarts
  2 necrophages
  A boggart (shapeshifter) (Vaults:4)
  12 centaurs
  41 wolves
  An ogre (shapeshifter) (D:12)
  7 crocodiles
  6 big kobolds
  3 elf zombies (Ossuary)
  18 bullfrogs
  A bullfrog (shapeshifter) (Vaults:2)
  4 earth elementals
  2 wyvern skeletons
  4 scorpions
  A water moccasin skeleton (D:6)
  22 killer bees
  2 tengu skeletons
  13 wights
  6 howler monkeys
  An electric eel (Orc:1)
  9 crimson imps
  5 centaur zombies
  5 bullfrog zombies
  4 quasits
  2 draconian simulacra (IceCv)
  4 bullfrog skeletons
  4 jellies
  A human zombie (Ossuary)
  8 hounds
  31 orc priests
  6 iron imps
  Ijyb (D:3)
  5 iguanas
  27 orc wizards
  3 worker ants
  2 troll simulacra (IceCv)
  A big kobold zombie (Ossuary)
  A centaur simulacrum (IceCv)
  2 human simulacra (D:10)
  2 hound skeletons
  2 mummies (Ossuary)
  5 gnolls
  9 adders
  5 naga simulacra (IceCv)
  8 shadow imps
  19 white imps
  12 ufetubi
  An ooze (D:3)
  2 worm zombies (D:4)
  3 adder skeletons
  An adder zombie (D:6)
  4 worms
  3 dart slugs (D:2)
  12 leopard geckos
  119 orcs
  8 bats
  5 giant cockroaches
  13 goblins
  6 hobgoblins
  6 jackals
  2 quokkas
  A ball python (D:3)
  6 frilled lizards
  A goblin zombie (Ossuary)
  9 hobgoblin zombies (Ossuary)
  2 jackal zombies (Ossuary)
  35 kobolds
  9 kobold zombies
  9 orc zombies (Ossuary)
  A quokka skeleton (D:4)
  10 rats
  A bush (Abyss:1)
  5 crawling corpses
  A fungus (Lair:6)
  2 lurking horrors
  5 plants
  17 starspawn tentacles
  2 tentacles (Shoals:4)
2879 creatures vanquished.

Vanquished Creatures (collateral kills)
  Vashnia (Snake:2)
  Nikola (Shoals:2)
  the Enchantress (Depths:4)
  Asterion (Snake:1)
  Polyphemus (Shoals:2)
  A kraken (Shoals:2)
  An orc warlord (Bailey)
  A merfolk impaler (Shoals:3)
  5 naga sharpshooters (Snake:2)
  A sun demon (Hell)
  A manticore (Shoals:4)
  A water nymph (Shoals:3)
  A naga mage (Snake:2)
  A red devil (Hell)
  A dream sheep (Lair:4)
  A wraith (Lair:3)
  A naga (Snake:2)
  An electric eel (Shoals:2)
  A gnoll (Bailey)
  A kobold (Bailey)
  A goblin (Bailey)
  A tentacle (Shoals:2)
26 creatures vanquished.

Vanquished Creatures (others)
  The ghost of Moajy the Slayer, a veteran GrGl of Okawaru (Depths:3)
  An ice dragon (Depths:4)
  A centaur warrior (Depths:1)
  A death yak (Shoals:2)
  2 naga sharpshooters
  A deep elf knight (Vaults:3)
  A deep elf archer (Vaults:4)
  A faun (Shoals:2)
  2 cyclopes
  A naga mage (Snake:2)
  An efreet (Abyss:3)
  3 yaktaurs
  A wind drake (Shoals:4)
  A slime creature (Depths:2)
  2 small abominations
  A naga (Snake:2)
  An ettin simulacrum (Abyss:2)
  An ogre (Vaults:4)
  6 centaurs
  An elf simulacrum (Abyss:2)
  An orc wizard (Orc:2)
  An orc (Vaults:5)
  A goblin (D:9)
  3 kobolds (Bailey)
  A crawling corpse (Vaults:5)
  A demonic plant (Abyss:1)
  25 fungi
  5 lurking horrors
  43 plants
  23 starspawn tentacles
  26 tentacles
  6 withered plants (D:15)
166 creatures vanquished.

Grand Total: 3071 creatures vanquished

Notes
Turn   | Place    | Note
-------+----------+-------------------------------------------
     0 | D:1      | nightchill the Gargoyle Fighter began the quest for the
                  | Orb.
     0 | D:1      | Reached XP level 1. HP: 14/14 MP: 1/1
   432 | D:1      | Reached XP level 2. HP: 19/19 MP: 2/2
  1322 | D:2      | Reached XP level 3. HP: 20/24 MP: 3/3
  1471 | D:2      | Reached skill level 4 in Fighting
  1585 | D:2      | Reached XP level 4. HP: 24/29 MP: 4/4
  2354 | D:3      | Reached XP level 5. HP: 24/34 MP: 5/5
  2519 | D:3      | Noticed Ijyb
  2537 | D:3      | Killed Ijyb
  2667 | D:3      | Found a runed gate.
  2667 | D:3      | Noticed Harpaggios's ghost (weakling GnSk)
  2668 | D:3      | Found a runed gate.
  2669 | D:3      | Found a runed gate.
  2669 | D:3      | Found a roughly hewn altar of Beogh.
  3591 | D:4      | Found a sand-covered staircase.
  3621 | Ossuary  | Entered an ossuary
  3786 | Ossuary  | Reached skill level 5 in Maces & Flails
  3894 | Ossuary  | Reached XP level 6. HP: 38/40 MP: 6/6
  3901 | Ossuary  | Reached skill level 5 in Fighting
  3963 | Ossuary  | Reached XP level 7. HP: 15/44 MP: 7/7
  4403 | D:4      | Reached skill level 6 in Fighting
  4421 | D:4      | Identified 2 scrolls of acquirement
  4422 | D:4      | Found the +13 scythe of Curses {drain, *Curse}
  4443 | D:4      | Got an iridescent fustibalus
  4444 | D:4      | Identified the +7 fustibalus "Zastigej" {venom, rC++} (You
                  | acquired it on level 4 of the Dungeon)
  4561 | D:5      | Entered Level 5 of the Dungeon
  4593 | D:5      | Found a staircase to the Ecumenical Temple.
  4599 | Temple   | Entered the Ecumenical Temple
  4850 | Temple   | Became a worshipper of Makhleb the Destroyer
  5373 | D:4      | Found a glowing golden altar of the Shining One.
  5638 | D:5      | Noticed Eustachio
  5691 | D:5      | Killed Eustachio
  5691 | D:5      | Reached skill level 1 in Invocations
  5691 | D:5      | Reached XP level 8. HP: 52/52 MP: 7/9
  5736 | D:5      | Noticed Grinder
  5755 | D:5      | Paralysed by Grinder for 4 turns
  5762 | D:5      | Killed Grinder
  5876 | D:5      | Found a shimmering altar of Xom.
  6325 | D:5      | Reached skill level 7 in Fighting
  6964 | D:6      | Reached XP level 9. HP: 57/57 MP: 11/11
  7004 | D:6      | Noticed Menkaure
  7025 | D:6      | Killed Menkaure
  7529 | D:7      | Found a runed gate.
  7529 | D:7      | Found a runed gate.
  7529 | D:7      | Found a runed gate.
  8413 | D:7      | Reached skill level 8 in Fighting
  8541 | D:7      | Reached * piety under Makhleb
  8551 | D:7      | Reached skill level 5 in Invocations
  8564 | D:7      | Reached skill level 10 in Maces & Flails
  8888 | D:7      | Noticed delarado's ghost (novice DrBe)
  9180 | D:7      | Reached XP level 10. HP: 64/65 MP: 14/14
  9417 | D:7      | Reached ** piety under Makhleb
  9417 | D:7      | Reached skill level 9 in Fighting
  9675 | D:8      | Noticed a brown ugly thing
  9687 | D:8      | Killed a brown ugly thing
 11082 | D:9      | Found a staircase to the Orcish Mines.
 11082 | D:9      | Noticed a two-headed ogre
 11497 | D:9      | Found a flagged portal.
 11508 | Bailey   | Entered a bailey
 11524 | Bailey   | Noticed an orc warlord
 11547 | Bailey   | Reached *** piety under Makhleb
 11671 | Bailey   | Found a runed gate.
 11671 | Bailey   | Found a runed gate.
 11679 | Bailey   | Found a runed gate.
 11713 | Bailey   | Noticed an orc knight
 11727 | Bailey   | Killed an orc knight
 11727 | Bailey   | Reached skill level 10 in Fighting
 11727 | Bailey   | Reached XP level 11. HP: 57/72 MP: 16/16
 11901 | Bailey   | Killed an orc warlord
 12191 | D:9      | Noticed Erolcha
 12203 | D:9      | Killed Erolcha
 12463 | D:9      | Found a staircase to the Lair.
 12564 | D:10     | Entered Level 10 of the Dungeon
 12579 | D:10     | Noticed a two-headed ogre
 12695 | D:10     | Noticed a two-headed ogre
 12714 | D:10     | Killed a two-headed ogre
 12800 | D:10     | Found Idycasm's Magic Scroll Shop.
 12806 | D:10     | Found Akhoblupn's Food Shoppe.
 12824 | D:10     | Noticed a two-headed ogre
 12883 | D:10     | Killed a two-headed ogre
 12937 | D:10     | Bought a scroll of enchant armour for 97 gold pieces
 13108 | D:10     | Reached skill level 5 in Armour
 13108 | D:10     | Reached skill level 5 in Shields
 13146 | D:10     | Found Guopt's Weapon Emporium.
 13219 | D:10     | Reached skill level 11 in Fighting
 13259 | D:10     | Noticed a cyclops
 13259 | D:10     | Killed a cyclops
 13312 | D:10     | Killed a two-headed ogre
 13312 | D:10     | Reached XP level 12. HP: 80/80 MP: 18/18
 13643 | D:10     | Reached **** piety under Makhleb
 13781 | Lair:1   | Entered Level 1 of the Lair of Beasts
 13787 | Lair:1   | Reached skill level 10 in Shields
 13787 | Lair:1   | Reached XP level 13. HP: 84/84 MP: 19/19
 14871 | Lair:2   | Noticed Sonja
 14876 | Lair:2   | Killed Sonja
 15949 | Lair:3   | Found a staircase to the Snake Pit.
 16261 | Lair:3   | Reached skill level 12 in Fighting
 16663 | Lair:3   | Found a staircase to the Shoals.
 16914 | Lair:4   | Noticed Josephine
 16926 | Lair:3   | Killed Josephine
 17228 | Lair:4   | Reached skill level 1 in Evocations
 18431 | Lair:4   | Gained mutation: Your large and strong wings let you fly
                  | indefinitely. [Gargoyle growth]
 18431 | Lair:4   | Reached XP level 14. HP: 87/92 MP: 21/21
 18594 | Lair:5   | Found a blossoming altar of Fedhas.
 18688 | Lair:5   | Found a viscous altar of Jiyva.
 18688 | Lair:5   | Found a staircase to the Slime Pits.
 18763 | Lair:5   | Reached ***** piety under Makhleb
 19267 | Lair:5   | Reached skill level 10 in Invocations
 19267 | Lair:5   | Reached skill level 5 in Evocations
 19888 | Lair:6   | Entered Level 6 of the Lair of Beasts
 20650 | Lair:6   | Reached skill level 13 in Fighting
 20756 | Lair:6   | Found a white marble altar of Elyvilon.
 21223 | Lair:6   | Found a runed gate.
 21224 | Lair:6   | Found a runed gate.
 21224 | Lair:6   | Found a runed gate.
 21225 | Lair:6   | Noticed Wefoph's ghost (journeyman DgFi)
 21280 | Lair:6   | Reached XP level 15. HP: 98/98 MP: 22/22
 21759 | Lair:6   | Found the +7 great mace "Firestarter" {inner flame, rF++}
 22338 | Orc:1    | Entered Level 1 of the Orcish Mines
 22888 | Orc:1    | Paralysed by an ogre mage for 5 turns
 22917 | Orc:1    | Reached ****** piety under Makhleb
 23159 | Orc:2    | Entered Level 2 of the Orcish Mines
 23695 | Orc:2    | Found Gyeroly's Food Shop.
 23824 | Orc:2    | Found a staircase to the Elven Halls.
 23881 | Orc:2    | Found Qulerch's Assorted Antiques.
 24094 | Orc:2    | Found Tuotri's Armour Shop.
 24094 | Orc:2    | Found Gef Xoth's Gadget Shoppe.
 24096 | Orc:2    | Found Nuxaer's Assorted Antiques.
 24096 | Orc:2    | Found Nuicrana's Magic Scroll Shoppe.
 24106 | Orc:2    | Bought a scroll of teleportation for 42 gold pieces
 24106 | Orc:2    | Bought a scroll of blinking for 105 gold pieces
 24677 | Orc:1    | Found a roughly hewn altar of Beogh.
 24868 | Orc:1    | Reached skill level 14 in Fighting
 24879 | Orc:1    | Reached skill level 15 in Maces & Flails
 25162 | Orc:1    | Found a bloodstained altar of Trog.
 25575 | D:11     | Found Ruffirch's Weapon Shop.
 26322 | D:12     | Got a blackened morningstar
 26323 | D:12     | Identified the +6 morningstar "Juun" {drain, rPois SInv}
                  | (You found it on level 12 of the Dungeon)
 26791 | D:12     | Reached XP level 16. HP: 106/106 MP: 25/25
 27016 | D:12     | Identified the Collected Works on Beguiling
 27106 | D:12     | Found a runed door.
 27651 | D:13     | Found a shimmering altar of Xom.
 28389 | D:13     | Found a gate to the Vaults.
 28877 | D:14     | Found Exezunk's Book Emporium.
 29036 | D:14     | Reached skill level 10 in Armour
 29150 | D:14     | Found a shadowy altar of Dithmenos.
 29217 | D:14     | Found Kuwu's Gadget Shoppe.
 29505 | D:15     | Entered Level 15 of the Dungeon
 29605 | D:15     | Found Feten's Armour Emporium.
 29655 | D:15     | Noticed Azrael
 29674 | D:14     | Reached skill level 15 in Fighting
 29897 | Snake:1  | Entered Level 1 of the Snake Pit
 30153 | Snake:1  | Noticed Asterion
 30282 | Snake:1  | Killed Asterion
 30579 | Snake:1  | Learned a level 1 spell: Apportation
 30582 | Snake:1  | Learned a level 2 spell: Blink
 30585 | Snake:1  | Learned a level 2 spell: Passwall
 31375 | Snake:2  | Noticed Vashnia
 31388 | Snake:2  | Killed Vashnia
 31729 | Snake:2  | Reached XP level 17. HP: 93/113 MP: 26/26
 33195 | Snake:4  | Entered Level 4 of the Snake Pit
 34391 | Snake:4  | Reached skill level 16 in Fighting
 34454 | Snake:4  | Reached XP level 18. HP: 100/120 MP: 28/28
 34748 | Snake:4  | Got a serpentine rune of Zot
 35115 | Shoals:1 | Entered Level 1 of the Shoals
 35834 | Shoals:1 | Found Surygg's Weapon Emporium.
 36012 | Shoals:2 | Noticed Polyphemus
 36914 | Shoals:2 | Noticed Nikola
 36937 | Shoals:2 | Killed Nikola
 36966 | Shoals:2 | Killed Polyphemus
 36971 | Shoals:2 | Reached skill level 15 in Shields
 37666 | Orc:2    | Bought a phantom mirror for 360 gold pieces
 38080 | Shoals:3 | Reached skill level 1 in Translocations
 38184 | Shoals:3 | Noticed Ilsuiw
 38610 | Shoals:4 | Entered Level 4 of the Shoals
 38631 | Shoals:4 | Identified The Foundations of Sorcery
 38984 | Shoals:4 | Reached XP level 19. HP: 127/127 MP: 29/29
 39138 | Shoals:4 | Reached skill level 17 in Fighting
 39394 | Shoals:4 | Cast into level 2 of the Abyss (merfolk impaler)
 40052 | Abyss:2  | Found a corrupted altar of Lugonu.
 40351 | Abyss:2  | Found a corrupted altar of Lugonu.
 40357 | Abyss:2  | Found a corrupted altar of Lugonu.
 40484 | Shoals:4 | Escaped the Abyss
 40555 | Shoals:4 | Gained mutation: You are partially covered in icy blue
                  | scales. (AC +2) [potion of mutation]
 41172 | Shoals:4 | Cast into level 2 of the Abyss (merfolk impaler)
 41271 | Shoals:4 | Escaped the Abyss
 41953 | Shoals:4 | Got a barnacled rune of Zot
 42703 | D:15     | Found a staircase to the Depths.
 42744 | D:15     | Found Ecaosueg's Distillery.
 42753 | D:15     | Bought a potion of heal wounds for 55 gold pieces
 42753 | D:15     | Bought a potion of heal wounds for 55 gold pieces
 42767 | D:15     | Noticed Roxanne
 42796 | D:15     | Killed Roxanne
 42796 | D:15     | Reached skill level 15 in Armour
 42796 | D:15     | Reached skill level 5 in Translocations
 43057 | D:15     | Found Lehyoqaun's Weapon Shop.
 43073 | D:15     | Found Lieb's Book Shoppe.
 43167 | D:15     | Found Yvorha's Book Emporium.
 43386 | D:15     | Killed Azrael
 43916 | Depths:1 | Entered Level 1 of the Depths
 44513 | Depths:1 | Reached XP level 20. HP: 135/135 MP: 30/30
 44657 | Depths:1 | Found Povvuiwke's Weapon Emporium.
 44658 | Depths:1 | Found Xivodej's Book Shoppe.
 44658 | Depths:1 | Found Deymut's Food Emporium.
 44663 | Depths:1 | Found Gukhliacs's Food Shoppe.
 45200 | Depths:1 | Found a gateway to Hell.
 45478 | Depths:1 | Found a one-way gate leading to the halls of Pandemonium.
 45727 | Vaults:1 | Entered Level 1 of the Vaults
 46520 | Vaults:1 | Reached skill level 18 in Fighting
 46691 | Vaults:1 | Found an ancient bone altar of Kikubaaqudgha.
 46868 | Vaults:1 | Identified Casting in Simple Steps
 47789 | Vaults:2 | Found a staircase to the Crypt.
 47929 | Vaults:2 | Got a transparent helmet
 47930 | Vaults:2 | Identified the +1 helmet of the Curious Coins {rPois} (You
                  | found it on level 2 of the Vaults)
 48031 | Vaults:2 | Reached XP level 21. HP: 142/142 MP: 31/31
 48974 | Vaults:3 | Found Kusying's Jewellery Boutique.
 49003 | Vaults:3 | Found Zohorch's Antique Weapon Emporium.
 49134 | Vaults:3 | Found Taerat's Antique Weapon Emporium.
 49186 | Vaults:3 | Found Mac Xas's Assorted Antiques.
 49445 | Vaults:3 | Found Leroleog's Distillery.
 50436 | Vaults:4 | Found Nuzuawk's General Store.
 50462 | Vaults:4 | Reached skill level 19 in Fighting
 50750 | Vaults:4 | Reached XP level 22. HP: 149/149 MP: 32/32
 51356 | Vaults:4 | Reached skill level 10 in Translocations
 51769 | Elf:1    | Entered Level 1 of the Elven Halls
 52648 | Elf:1    | You are sucked into a shaft!
 52648 | Elf:2    | Found Pycem's Antique Weapon Emporium.
 52652 | Elf:2    | Found a frozen archway.
 52671 | IceCv    | Entered an ice cave
 54000 | Elf:2    | Found Uqykh's Assorted Antiques.
 54112 | Elf:2    | Found a deep blue altar of Sif Muna.
 54112 | Elf:2    | Found Celaix's Gadget Boutique.
 54207 | Elf:2    | Found Xuebeff's General Store.
 54604 | Elf:2    | Found Osud's Magic Scroll Emporium.
 54839 | Elf:2    | Found a huge runed gate.
 54839 | Elf:2    | Found a huge runed gate.
 54844 | Elf:2    | Found a huge runed gate.
 54845 | Elf:2    | Found a huge runed gate.
 54847 | Elf:2    | Found a huge runed gate.
 55003 | Elf:2    | Cast into level 2 of the Abyss (quick blade of distortion)
 55009 | Abyss:2  | Found a corrupted altar of Lugonu.
 55099 | Abyss:2  | Paralysed by accursed screaming for 1 turns
 55309 | Elf:2    | Escaped the Abyss
 55437 | Elf:2    | Reached XP level 23. HP: 103/156 MP: 33/33
 55446 | Elf:2    | Reached skill level 20 in Fighting
 56836 | Depths:2 | Found a glowing golden altar of the Shining One.
 57051 | Depths:2 | Found Lopoes's Food Boutique.
 57787 | Elf:2    | Bought a scroll of brand weapon for 240 gold pieces
 57807 | Elf:2    | Bought a scroll of brand weapon for 380 gold pieces
 57808 | Elf:2    | Bought a scroll of brand weapon for 380 gold pieces
 57883 | Orc:2    | Bought a scroll of brand weapon for 640 gold pieces
 58316 | Depths:3 | Found a gateway to a ziggurat.
 58453 | Depths:3 | Found a runed gate.
 58453 | Depths:3 | Found a runed gate.
 58453 | Depths:3 | Found a runed gate.
 58453 | Depths:3 | Noticed Moajy's ghost (veteran GrGl)
 58466 | Depths:3 | Gained mutation: You are occasionally teleported next to
                  | monsters. [a neqoxec]
 58476 | Depths:3 | Reached skill level 10 in Evocations
 58505 | Depths:3 | Killed Moajy's ghost
 58804 | Depths:3 | Found Iraptasch's Antique Weapon Emporium.
 58875 | Depths:3 | Reached skill level 21 in Fighting
 58906 | Depths:3 | Reached XP level 24. HP: 166/166 MP: 33/33
 58941 | Depths:3 | Noticed a caustic shrike
 58957 | Depths:3 | Killed a caustic shrike
 58959 | Depths:3 | Noticed a caustic shrike
 58959 | Depths:3 | Noticed a caustic shrike
 58959 | Depths:3 | Noticed a caustic shrike
 58960 | Depths:3 | Noticed a caustic shrike
 58966 | Depths:3 | Killed a caustic shrike
 58970 | Depths:3 | Killed a caustic shrike
 58981 | Depths:3 | Killed a caustic shrike
 58985 | Depths:3 | Killed a caustic shrike
 58988 | Depths:3 | Noticed a caustic shrike
 58992 | Depths:3 | Noticed a caustic shrike
 59420 | Depths:3 | Noticed a caustic shrike
 59432 | Depths:3 | Noticed a caustic shrike
 59434 | Depths:3 | Killed a caustic shrike
 59434 | Depths:3 | Noticed a caustic shrike
 59439 | Depths:3 | Noticed a caustic shrike
 59467 | Depths:3 | Killed a caustic shrike
 59829 | Depths:3 | Killed a caustic shrike
 59842 | Depths:3 | Killed a caustic shrike
 59891 | Depths:3 | Killed a caustic shrike
 60417 | Depths:4 | Noticed Frederick
 60434 | Depths:4 | Killed Frederick
 60434 | Depths:4 | Reached skill level 22 in Fighting
 60457 | Depths:4 | Noticed the Enchantress
 61213 | Depths:4 | Paralysed by a floating eye for 3 turns
 61251 | Depths:4 | Reached XP level 25. HP: 173/173 MP: 33/33
 61580 | Depths:4 | Cast into level 2 of the Abyss (the Enchantress)
 61642 | Abyss:2  | Paralysed by accursed screaming for 2 turns
 61656 | Depths:4 | Escaped the Abyss
 61728 | Depths:4 | Cast into level 2 of the Abyss (the Enchantress)
 62011 | Abyss:2  | Found a corrupted altar of Lugonu.
 62025 | Abyss:2  | Got a transparent scale mail
 62056 | Depths:4 | Escaped the Abyss
 62137 | Depths:4 | Cast into level 4 of the Abyss (the Enchantress)
 62166 | Abyss:4  | Found a corrupted altar of Lugonu.
 62269 | Abyss:4  | Paralysed by accursed screaming for 1 turns
 62318 | Depths:4 | Escaped the Abyss
 62541 | Depths:4 | Found a one-way gate to the infinite horrors of the Abyss.
 62585 | Depths:4 | Got a slimy zirconium amulet
 62586 | Depths:4 | Identified the amulet of Sellu {+Rage rF+} (You found it on
                  | level 4 of the Depths)
 62646 | Depths:4 | Cast into level 3 of the Abyss (the Enchantress)
 62648 | Abyss:3  | Found a corrupted altar of Lugonu.
 62798 | Abyss:3  | Gained mutation: Your spells are a little easier to cast,
                  | but a little less powerful. [a neqoxec]
 62806 | Abyss:3  | Found a corrupted altar of Lugonu.
 62894 | Depths:4 | Escaped the Abyss
 63114 | Depths:4 | Killed the Enchantress
 63117 | Depths:4 | Identified the +4 faerie dragon scales {-Tele rElec rPois
                  | MR++ rCorr} (You took it off the Enchantress on level 4 of
                  | the Depths)
 63478 | Depths:4 | Paralysed by you for 3 turns
 63773 | D:13     | Lost mutation: You are occasionally teleported next to
                  | monsters. [potion of mutation]
 63773 | D:13     | Lost mutation: You are partially covered in icy blue
                  | scales. (AC +2) [potion of mutation]
 63773 | D:13     | Gained mutation: You can translocate small distances at
                  | will. [potion of mutation]
 63773 | D:13     | Gained mutation: You are somewhat resistant to further
                  | mutation. [potion of mutation]
 63905 | Depths:5 | Entered Level 5 of the Depths
 63977 | Depths:5 | Learned a level 1 spell: Summon Butterflies
 63979 | Depths:5 | Noticed Jory
 63995 | Depths:5 | Killed Jory
 64021 | Depths:5 | Reached skill level 1 in Summonings
 64616 | Depths:5 | Found Joloz's Book Boutique.
 64626 | Depths:5 | Found Yxeumuf's General Store.
 64665 | Depths:5 | Noticed a juggernaut
 64681 | Depths:5 | Killed a juggernaut
 64712 | Depths:5 | Bought a scroll of teleportation for 57 gold pieces
 64798 | Depths:5 | Reached skill level 23 in Fighting
 65071 | Depths:5 | Reached XP level 26. HP: 182/182 MP: 33/33
 65196 | Depths:5 | Found a gate to the Realm of Zot.
 65213 | Depths:5 | Identified the Grimoire of Transformation and Dark Magic
 65709 | Depths:5 | Found Wadug's Elemental Accessories.
 66625 | Vaults:5 | Entered Level 5 of the Vaults
 66637 | Vaults:5 | Reached skill level 5 in Summonings
 66693 | Vaults:5 | Noticed an ancient lich
 66699 | Vaults:5 | Noticed Saint Roka
 66703 | Vaults:5 | Killed an ancient lich
 66733 | Vaults:5 | Killed Saint Roka
 66736 | Vaults:5 | Reached skill level 24 in Fighting
 66736 | Vaults:5 | Reached XP level 27. HP: 190/190 MP: 33/33
 67504 | Vaults:5 | Got a silver rune of Zot
 67587 | Vaults:5 | Identified Cufarir's Initiation to Spellcraft
 67614 | Vaults:5 | Got a pair of scorched boots
 67615 | Vaults:5 | Identified the +1 pair of boots "Biempiyll" {Str+6} (You
                  | found it on level 5 of the Vaults)
 68188 | Vaults:5 | Got an ancient lead ring
 68209 | Vaults:5 | Identified the ring of the Rose {Wiz *Contam rN++ Int+8}
                  | (You took it off a yaktaur captain on level 5 of the
                  | Vaults)
 68299 | Vaults:5 | Got an ancient steel ring
 68302 | Vaults:5 | Identified the ring of Gomyqaah {rPois Int+4 Stlth+} (You
                  | took it off a deep elf mage on level 5 of the Vaults)
 69125 | Depths:4 | Voluntarily entered the Abyss.
 69138 | Abyss:1  | Paralysed by accursed screaming for 1 turns
 69142 | Abyss:1  | Paralysed by accursed screaming for 2 turns
 69532 | Abyss:3  | Gained mutation: Your body sometimes deteriorates upon
                  | taking damage. [a neqoxec]
 69577 | Abyss:3  | Lost intelligence.
 69580 | Abyss:3  | Gained mutation: Scrolls take you a little longer to read.
                  | [a neqoxec]
 69593 | Abyss:3  | Gained mutation: You have sharp toenails. [a neqoxec]
 69595 | Abyss:3  | Gained mutation: Your body often deteriorates upon taking
                  | damage. [a neqoxec]
 69815 | Abyss:3  | Paralysed by accursed screaming for 1 turns
 69898 | Abyss:3  | Got an abyssal rune of Zot
 70003 | Abyss:3  | Paralysed by accursed screaming for 1 turns
 70011 | Abyss:3  | Noticed an ancient lich
 70024 | Abyss:3  | Killed an ancient lich
 70340 | Depths:4 | Escaped the Abyss
 70343 | Depths:4 | Lost mutation: You have sharp toenails. [potion of
                  | mutation]
 70343 | Depths:4 | Lost mutation: Your spells are a little easier to cast, but
                  | a little less powerful. [potion of mutation]
 70343 | Depths:4 | Lost mutation: Scrolls take you a little longer to read.
                  | [potion of mutation]
 70343 | Depths:4 | Lost mutation: Your body often deteriorates upon taking
                  | damage. [potion of mutation]
 70343 | Depths:4 | Gained mutation: Your magical capacity is low. (-10% MP)
                  | [potion of mutation]
 70343 | Depths:4 | Gained mutation: You expend magic power (3 MP) to
                  | strengthen your wands. [potion of mutation]
 70711 | Elf:2    | Bought a scroll of torment for 142 gold pieces
 70711 | Elf:2    | Bought a scroll of teleportation for 57 gold pieces
 70711 | Elf:2    | Bought a scroll of vulnerability for 142 gold pieces
 71741 | Elf:3    | Entered Level 3 of the Elven Halls
 71804 | Elf:3    | Reached skill level 25 in Fighting
 71810 | Elf:3    | Learned a level 4 spell: Passage of Golubria
 72991 | Hell     | Entered the Vestibule of Hell
 72991 | Hell     | Noticed Geryon
 73322 | Hell     | Killed Geryon
 73492 | Hell     | Found a gateway to the freezing wastes of Cocytus.
 73648 | Hell     | Found a gateway to the decaying netherworld of Tartarus.
 73685 | Hell     | Found a gateway to the ashen valley of Gehenna.
 73797 | Hell     | Found a gateway to the Iron City of Dis.
 74163 | Slime:1  | Entered Level 1 of the Pits of Slime
 74241 | Slime:1  | Gained mutation: You are occasionally teleported next to
                  | monsters. [a shining eye]
 74603 | Slime:3  | Gained mutation: Your spells are a little easier to cast,
                  | but a little less powerful. [a shining eye]
 74624 | Slime:5  | Entered Level 5 of the Pits of Slime
 74632 | Slime:5  | Gained mutation: Armour fits poorly on your strangely
                  | shaped body. [a shining eye]
 74831 | Slime:5  | Gained mutation: Your muscles are strong. (Str +2) [a
                  | shining eye]
 75348 | Slime:5  | HP: 6/195 [acid (14)]
 75349 | Slime:5  | Killed from afar by an acid blob

Skill      XL: |  1  2  3  4  5  6  7  8  9 10 11 12 13 14 15 16 17 18 19 20 21 22 23 24 25 26 27 |
---------------+----------------------------------------------------------------------------------+-----
Maces & Flails | 3 4 5 6 7 8 10 12 13 14 15 16 17 18 19 20 21 22 23 | 23.9
Fighting       | 4 5 6 7 8 10 11 12 13 14 15 16 17 18 19 21 22 23 24 25 | 25.7
Invocations    | 1 3 5 7 8 9 10 12 13 14 | 14.5
Armour         | 5 6 8 10 12 13 15 17 18 19 20 21 22 24 | 24.5
Shields        | 5 10 12 13 14 15 | 15.0
Evocations     | 3 6 7 10 12 | 12.0
Translocations | 2 5 7 9 10 | 10.0
Summonings     | 4 6 8 |  8.0

Action                   |  1- 3 |  4- 6 |  7- 9 | 10-12 | 13-15 | 16-18 | 19-21 | 22-24 | 25-27 || total
-------------------------+-------+-------+-------+-------+-------+-------+-------+-------+-------++-------
Melee: Flail             |   123 |   300 |   687 |   248 |       |       |       |       |       ||  1358
       Morningstar       |       |       |       |   210 |  1481 |     8 |       |       |       ||  1699
       Great mace        |       |       |       |       |   473 |   492 |   585 |  1325 |  1934 ||  4809
       Eveningstar       |       |       |       |       |       |  1087 |  1262 |    53 |       ||  2402
       Demon whip        |       |       |       |       |       |       |       |       |    61 ||    61
 Fire: Fustibalus        |       |       |       |    27 |    92 |       |    11 |    14 |    31 ||   175
Throw: Stone             |       |       |       |       |       |     5 |       |       |       ||     5
 Cast: Blink             |       |       |       |       |       |       |       |     1 |       ||     1
       Summon Butterflie |       |       |       |       |       |       |       |       |     8 ||     8
       Passage of Golubr |       |       |       |       |       |       |       |       |     1 ||     1
Invok: Minor Destruction |       |       |       |    31 |       |       |       |       |       ||    31
       Lesser Servant of |       |       |       |     7 |     6 |    10 |    10 |     2 |     2 ||    37
       Greater Servant o |       |       |       |       |       |     8 |       |       |     5 ||    13
       Major Destruction |       |       |       |       |       |       |     5 |       |     1 ||     6
 Abil: Fly               |       |       |       |       |     3 |     3 |     3 |       |     2 ||    11
       Evoke Invisibilit |       |       |       |       |     2 |       |     1 |     4 |     5 ||    12
       Stop Flying       |       |       |       |       |     2 |     3 |     3 |     1 |     1 ||    10
Evoke: Wand              |       |       |       |       |     5 |       |     7 |       |     1 ||    13
       Fan of gales      |       |       |       |       |       |     1 |     1 |       |       ||     2
       Phantom mirror    |       |       |       |       |       |     1 |     1 |       |       ||     2
       Lightning rod     |       |       |       |       |       |       |     4 |       |       ||     4
       Box of beasts     |       |       |       |       |       |       |     1 |       |       ||     1
  Use: Scroll            |       |    11 |    16 |     6 |     6 |    14 |    10 |    14 |    13 ||    90
       Potion            |       |     2 |     5 |     2 |       |       |     4 |     8 |    14 ||    35
 Stab: Distracted        |       |       |       |     1 |       |     4 |     1 |       |     2 ||     8
       Paralysed         |       |       |       |       |     4 |       |       |       |     1 ||     5
       Invisible         |       |       |       |       |     1 |       |     1 |     5 |    10 ||    17
       Petrified         |       |       |       |       |     1 |       |       |       |     2 ||     3
  Eat: Chunk             |     2 |     7 |     9 |    14 |    38 |    23 |    26 |    22 |     9 ||   150
       Ration            |       |       |     3 |     1 |     3 |     6 |     4 |     4 |    13 ||    34
Armor: Scale mail        |    82 |    72 |       |       |       |       |       |       |       ||   154
       Gold dragon scale |       |   110 |   386 |   250 |  1421 |  1269 |  1703 |  1679 |  2621 ||  9439
       Skin              |       |       |    45 |       |       |       |       |       |       ||    45
Dodge: Dodged            |    51 |    43 |    47 |    57 |   283 |   255 |   448 |   466 |   783 ||  2433
Block: Shield            |    75 |   112 |   304 |   208 |   962 |   862 |  1208 |       |       ||  3731
       Reflection        |       |       |     2 |    33 |     9 |    95 |    76 |     5 |     1 ||   221
       Other             |       |       |       |       |    32 |    52 |    31 |    93 |   150 ||   358
